 Dungeon Crawl Stone Soup version 0.31-a0-261-g072fdb8a1f (webtiles) character file.

Game seed: 12487324318183084216

312 gruber the Changeling (level 6, -1/44 HPs)
             Began as a Merfolk Shapeshifter on July 13, 2023.
             Slain by a gnoll bouda
             ... wielding a +0 whip
              (4 damage)
             ... on level 4 of the Dungeon.
             The game lasted 00:03:18 (3495 turns).

gruber the Changeling (Merfolk Shapeshifter)        Turns: 3495, Time: 00:03:19

Health: -1/44      AC:  2    Str: 17    XL:     6   Next: 42%
Magic:  6/6        EV: 12    Int:  7    God:
Gold:   207        SH:  0    Dex: 15    Spells: 5/5 levels left

rFire   . .          .
                       - Unarmed
rCold   . . .        (no shield)
rNeg    . . .        a - +0 animal skin
rPois   .            (helmet currently unavailable)
rElec   .            (cloak currently unavailable)
rCorr   .            (gloves currently unavailable)
SInv    .            (boots currently unavailable)
Will    .....        (no amulet)
Stlth   +            (no ring)
HPRegen 0.27/turn    (no ring)
MPRegen 0.10/turn

%: no passive effects
@: beast-form, weakened
A: beast (slay +4), (nimble swimmer 2), mertail
a: Begin Untransformation


You were on level 4 of the Dungeon.
You were a hulking beast.
You visited 1 branch of the dungeon, and saw 4 of its levels.

You collected 207 gold pieces.

Inventory:

Armour
 a - a +0 animal skin (worn)
 v - a +0 hat
 w - a +0 pair of gloves
Talismans
 c - a beast talisman
 p - a serpent talisman
Scrolls
 g - a scroll of revelation {unknown}
 i - a scroll of blinking {unknown}
 m - a scroll of teleportation {unknown}
 n - 2 scrolls of identify {unknown}
 q - a scroll of acquirement {unknown}
 r - a scroll of poison {unknown}
 s - a scroll of silence {unknown}
 t - a scroll of fog {unknown}
 u - a scroll of enchant weapon {unknown}
Potions
 d - 2 potions of curing {unknown}
 e - a potion of enlightenment {unknown}
 f - a potion of heal wounds {unknown}
 j - 3 potions of mutation {unknown}
 k - a potion of attraction {unknown}
 l - a potion of might {unknown}
 o - a potion of brilliance {unknown}


   Skills:
 - Level 2.1 Fighting
 - Level 2.6 Dodging
 - Level 5.1 Unarmed Combat
 * Level 6.5 Shapeshifting


You had 5 spell levels left.
You didn't know any spells.
Your spell library contained the following spells:

 Spells                   Type           Power      Damage    Failure   Level
 Magic Dart               Conj           0%         1d3       43%         1
 Call Imp                 Summ           0%         N/A       56%         2
 Mephitic Cloud           Conj/Pois/Air  0%         N/A       80%         3
 Ozocubu's Armour         Ice            0%         N/A       80%         3
 Metabolic Englaciation   Hex/Ice        0%         N/A       100%        5
 Simulacrum               Ice/Necr       0%         N/A       100%        6


Dungeon Overview and Level Annotations

Branches:
Dungeon (4/15)
 Temple: D:4-7

Altars:
Uskayaw


Innate Abilities, Weirdness & Mutations

You are a hulking beast.
Your limbs bulge with bestial killing power. (Slay +4)
((You are very nimble when in or above water. (Stealth+, EV+, Speed+++)))
Your lower body shifts to a powerful aquatic tail in water.


Message History

The gnoll bouda shouts!
You hear a shout!
You hear an angry hiss.
You hear a shout! x2
You throw a poisoned dart. The poisoned dart hits the gnoll bouda.
You hear a bark!
The gnoll bouda barks out a call to the hunt!
You hear a bark!
You throw a poisoned dart. The poisoned dart hits the gnoll bouda.
The gnoll bouda is poisoned.
The gnoll bouda gazes fiercely through you!
You feel your attacks grow feeble.
You closely miss the gnoll bouda.
The gnoll bouda is lightly wounded.
A gnoll comes into view. It is wielding a +0 quarterstaff.
The gnoll bouda hits you with a +0 whip.
You closely miss the gnoll bouda.
The gnoll bouda is lightly wounded.
The gnoll bouda gazes fiercely through you!
You feel as though you will be weak longer.
The gnoll bouda hits you with a +0 whip.
You closely miss the gnoll bouda.
The gnoll bouda is moderately wounded.
The gnoll hits you with a +0 quarterstaff!
The gnoll bouda hits you but does no damage.
You hit the gnoll bouda. Your punch misses the gnoll bouda.
The gnoll bouda is heavily wounded.
The gnoll hits you with a +0 quarterstaff!
A gnoll comes into view. It is wielding a +0 halberd.
The gnoll attacks as you move away!
The gnoll hits you with a +0 quarterstaff!
The gnoll bouda attacks as you move away!
The gnoll bouda hits you with a +0 whip!
* * * LOW HITPOINT WARNING * * *
Things that are here:
a +0 flail; 6 boomerangs
Okay, then.
You closely miss the gnoll bouda.
The gnoll bouda is heavily wounded.
The gnoll bouda looks more healthy.
The gnoll bouda hits you with a +0 whip.
You die...

#...)...#.##...######
##.###..#..##.## #.#
#........# ##.#
#..##.#### #..#
#..##.# #.####..##.###
#.##.##.####.##
#.#...#####g(.###
#...#..)hggg#...#
###...#####...#.......
##.## ##.###..#### #.#
#.#


gg.. #.# #.# .g... #.# #.# .#.#. #.# #.# #.>. ... ... #. .#. .#. You could see a
gnoll bouda, 2 gnolls and a goblin.

Vanquished Creatures
  An ogre (D:4)
  Jessica (D:2)
  An orc wizard (D:4)
  3 gnolls (D:4)
  6 adders
  A worm (D:3)
  2 dart slugs
  4 orcs
  10 endoplasms
  5 giant cockroaches
  8 goblins
  6 hobgoblins
  8 kobolds
  6 quokkas
  11 ball pythons
  7 bats
  4 frilled lizards
  4 rats
88 creatures vanquished.

Notes
Turn   | Place    | Note
-------+----------+-------------------------------------------
     0 | D:1      | gruber the Merfolk Shapeshifter began the quest for the
                  | Orb.
     0 | D:1      | Reached XP level 1. HP: 16/16 MP: 1/1
   208 | D:1      | Reached XP level 2. HP: 22/22 MP: 2/2
   486 | D:1      | Reached XP level 3. HP: 27/27 MP: 3/3
  1071 | D:2      | Reached XP level 4. HP: 30/33 MP: 4/4
  1172 | D:2      | Noticed Jessica
  1182 | D:2      | Killed Jessica
  1183 | D:2      | Reached skill level 5 in Unarmed Combat
  1727 | D:3      | Found a hide-covered altar of Uskayaw.
  1994 | D:3      | Found a faded altar of an unknown god.
  2015 | D:3      | Reached XP level 5. HP: 38/38 MP: 5/5
  2461 | D:3      | Reached skill level 5 in Shapeshifting
  3034 | D:4      | Noticed an ogre
  3045 | D:4      | Killed an ogre
  3046 | D:4      | Reached skill level 6 in Shapeshifting
  3046 | D:4      | Reached XP level 6. HP: 21/44 MP: 6/6
  3495 | D:4      | Slain by a gnoll bouda

Illustrated notes

Levels and vault maps discovered:
D:1:      shiori_arrival_maze, layout_loops_cross, minivault_27
D:2:      minmay_chambers_of_ones, layout_basic, serial_bayou,
          serial_bayou_pond_d, serial_bayou_pond_d, serial_bayou_pond_c,
          serial_bayou_pond_b, serial_bayou_pond_c, uniq_jessica
D:3:      layout_basic, lemuel_doored_altar, ebering_ecumenical_altar_petrified,
          minmay_quantized
D:4:      layout_loops_ring, minmay_misc_feat_tower, uniq_grinder

Skill      XL: |  1  2  3  4  5 |
---------------+----------------+-----
Unarmed Combat | 3 4 5 |  5.1
Shapeshifting  | 6 |  6.5
Fighting       | |  2.1
Dodging        | |  2.6

Action                     |  1- 3 |  4- 6 || total
---------------------------+-------+-------++-------
  Melee: Unarmed           |   102 |   126 ||   228
         Punch             |     1 |     4 ||     5
  Throw: Dart              |     2 |     9 ||    11
    Use: Potion            |       |     1 ||     1
   Stab: Sleeping          |     4 |       ||     4
         Distracted        |       |     1 ||     1
 Armour: Animal skin       |    15 |    10 ||    25
         Skin              |       |     2 ||     2
  Dodge: Dodged            |    55 |    60 ||   115

Table legend: (Time is in decaauts)
 A = Elapsed time spent in this place.
 B = Non-inter-level travel time spent in this place.
 C = Inter-level travel time spent in this place.
 D = Time resting spent in this place.
 E = Time spent auto-exploring this place.
 F = Levels seen in this place.
 G = Mean time per level.
                   A        B        C        D        E       F      G
               +--------+--------+--------+--------+--------+-----+--------+
         Total |   3458 |   3343 |    115 |    201 |   2606 |   4 |  864.5 |
       Dungeon |   3458 |   3343 |    115 |    201 |   2606 |   4 |  864.5 |
               +--------+--------+--------+--------+--------+-----+--------+

Top non-repeatable levels by time:
     D:3: 1212 daAuts
     D:2: 1032 daAuts
     D:1: 656 daAuts
     D:4: 557 daAuts
